[Event "Titled Tuesday Blitz March 15 Late 2022"]
[White "Svicevic, Rastko"]
[Black "Mangialardo, Tiago Carvalho"]
[WhiteFideId "916315"]
[BlackFideId "2130718"]
[WhiteElo "2132"]
[BlackElo "2100"]
[Result "1-0"]
[Round "09"]
[TimeControl "180+1"]
[Date "2022.03.16"]
[WhiteClock "0:00:27"]
[BlackClock "0:00:02"]

1. d4 Nf6 2. Bg5 Ne4 3. Bf4 c5 4. f3 Nf6 5. dxc5 Qa5+ 6. c3 Qxc5 7. e4 Nc6 8. Na3 a6 9. Qd2 d5 10. e5 Nd7 11. Be3 Qa5 12. f4 e6 13. Nc2 Bc5 14. Nf3 Qb6 15. Ncd4 f6 16. b4 Bxd4 17. Nxd4 Nxd4 18. Bxd4 Qc7 19. exf6 Nxf6 20. Bxf6 gxf6 21. Bd3 Bd7 22. O-O Bb5 23. Bxb5+ axb5 24. Kh1 Kd7 25. f5 1-0


[Site "https://www.chess.com"]

[Event "Titled Tuesday Blitz March 15 Late 2022"]
[White "Swicarz, Maciej"]
[Black "Maltsevskaya, Aleksandra"]
[WhiteFideId "1113585"]
[BlackFideId "24174041"]
[WhiteElo "2057"]
[BlackElo "2241"]
[Result "0-1"]
[Round "09"]
[TimeControl "180+1"]
[Date "2022.03.15"]
[WhiteClock "0:00:04"]
[BlackClock "0:00:05"]

1. c4 Nf6 2. Nc3 g6 3. e4 d6 4. d4 Bg7 5. Nge2 O-O 6. Ng3 e5 7. d5 a5 8. Be2 Na6 9. h4 h5 10. Bg5 Qe8 11. Bxf6 Bxf6 12. Qd2 Qe7 13. Qh6 Bg7 14. Qe3 Nc5 15. O-O-O Kh7 16. Kb1 f5 17. exf5 Bxf5+ 18. Nxf5 Rxf5 19. f3 Rf4 20. g3 Rf7 21. g4 Bh6 22. Qg1 a4 23. gxh5 gxh5 24. Ne4 Rg8 25. Qh2 Nxe4 26. fxe4 Bf4 27. Qf2 a3 28. Bxh5 Rfg7 29. Rdg1 axb2 30. Kxb2 c6 31. Be2 Qf6 32. Kb3 b5 33. dxc6 bxc4+ 34. Bxc4 Rb8+ 35. Kc2 d5 36. Bxd5 Rc7 37. Kd3 Rxc6 38. Bxc6 Qxc6 39. Qe1 Qa6+ 40. Kc2 Qxa2+ 41. Kd3 Rb3+ 42. Kc4 Qa4+ 43. Kc5 Rb5+ 44. Kd6 Qa6+ 0-1


[Site "https://www.chess.com"]

[Event "Titled Tuesday Blitz March 15 Late 2022"]
[White "Tang, Andrew"]
[Black "Fedoseev, Vladimir"]
[WhiteFideId "2059630"]
[BlackFideId "24130737"]
[WhiteElo "2584"]
[BlackElo "2726"]
[Result "0-1"]
[Round "09"]
[TimeControl "180+1"]
[Date "2022.03.15"]
[WhiteClock "0:00:04"]
[BlackClock "0:00:32"]

1. e4 c6 2. Nc3 d5 3. Nf3 Bg4 4. h3 Bxf3 5. Qxf3 Nf6 6. g4 d4 7. Ne2 e5 8. Bg2 c5 9. O-O Nc6 10. g5 Nd7 11. d3 Bd6 12. a3 Qe7 13. Qg4 O-O-O 14. f4 Kb8 15. f5 f6 16. h4 Rc8 17. Bd2 h6 18. Ng3 hxg5 19. hxg5 c4 20. dxc4 d3 21. b4 dxc2 22. Ne2 Nd4 23. c5 Nb3 24. Be3 Nxa1 25. Rxa1 Nxc5 26. bxc5 Bxc5 27. Qf3 Rhd8 28. Kh2 Rd1 29. Bc1 Qd6 30. Kg3 Rd3 31. g6 Rxf3+ 32. Bxf3 Qd3 33. Bb2 Qe3 34. Rf1 Rh8 35. Bc1 Qd3 36. a4 Be3 37. Bb2 Qd1 38. Kg2 Rc8 39. Bc1 Bxc1 40. Nxc1 Qd2+ 41. Kg3 Rc3 42. Kh3 Rxf3+ 43. Rxf3 Qxc1 0-1


[Site "https://www.chess.com"]

[Event "Titled Tuesday Blitz March 15 Late 2022"]
[White "Thavandiran, Shiyam"]
[Black "Ljukin, Sergei"]
[WhiteFideId "2605058"]
[BlackFideId "14102200"]
[WhiteElo "2357"]
[BlackElo "2312"]
[Result "1-0"]
[Round "09"]
[TimeControl "180+1"]
[Date "2022.03.15"]
[WhiteClock "0:02:29"]
[BlackClock "0:02:03"]

1. e4 e6 2. d4 d5 3. exd5 exd5 4. Nf3 Nf6 5. Bd3 c5 6. O-O Nc6 7. Re1+ Be7 8. dxc5 O-O 9. Nc3 Bxc5 10. Bg5 d4 11. Bxf6 dxc3 12. Bxd8 1-0


[Site "https://www.chess.com"]

[Event "Titled Tuesday Blitz March 15 Late 2022"]
[White "Toncheva, Nadya"]
[Black "Van den Dikkenberg, Erik"]
[WhiteFideId "2924056"]
[BlackFideId "1005880"]
[WhiteElo "1884"]
[BlackElo "2118"]
[Result "1-0"]
[Round "09"]
[TimeControl "180+1"]
[Date "2022.03.16"]
[WhiteClock "0:00:10"]
[BlackClock "0:00:11"]

1. e4 c5 2. Nf3 d6 3. d4 cxd4 4. Nxd4 Nf6 5. f3 a6 6. c4 e5 7. Nc2 Be7 8. Nc3 O-O 9. Be3 Be6 10. Qd2 Nbd7 11. Be2 Rc8 12. b3 Qa5 13. O-O b5 14. Nd5 Qd8 15. Nxe7+ Qxe7 16. cxb5 axb5 17. Bxb5 d5 18. exd5 Nxd5 19. Bf2 Nc5 20. Rac1 Nf4 21. Rfd1 Rfd8 22. Qe3 Rxd1+ 23. Rxd1 Bf5 24. Nb4 g5 25. Nc6 Rxc6 26. Bxc6 Ncd3 27. Be4 Nxf2 28. Kxf2 Be6 29. g3 Ng6 30. Bd5 Bxd5 31. Rxd5 Qa3 32. Qd2 h6 33. Kg2 Kg7 34. b4 Qa4 35. b5 Qc4 36. b6 e4 37. Qd4+ Qxd4 38. Rxd4 exf3+ 39. Kxf3 Ne5+ 40. Ke4 Nc6 41. Rd7 Kf8 42. b7 Ke8 43. Rc7 Nb8 44. Rc8+ 1-0


[Site "https://www.chess.com"]

[Event "Titled Tuesday Blitz March 15 Late 2022"]
[White "Urazayev, Arystanbek"]
[Black "Martinez Alcantara, Jose Eduardo"]
[WhiteFideId "13709810"]
[BlackFideId "3805662"]
[WhiteElo "2393"]
[BlackElo "2690"]
[Result "1/2-1/2"]
[Round "09"]
[TimeControl "180+1"]
[Date "2022.03.15"]
[WhiteClock "0:00:09"]
[BlackClock "0:00:04"]

1. d4 Nf6 2. c4 e6 3. Nc3 Bb4 4. Nf3 b6 5. e3 Bb7 6. Bd3 Bxc3+ 7. bxc3 O-O 8. O-O d6 9. Qc2 Nbd7 10. e4 e5 11. Rb1 Re8 12. Re1 c5 13. d5 Nf8 14. a4 Bc8 15. g3 Ng6 16. Nd2 Bd7 17. Nf1 h6 18. Ra1 Rb8 19. Ne3 Qc7 20. Ng2 Bh3 21. f3 Bd7 22. Be3 a6 23. Reb1 Nh7 24. Rb2 Ng5 25. Bxg5 hxg5 26. Ne3 Ne7 27. Nf5 g6 28. Nxe7+ Rxe7 29. Qd2 f6 30. a5 bxa5 31. Rxb8+ Qxb8 32. Rxa5 Bc8 33. Ra2 Rb7 34. f4 gxf4 35. gxf4 Kg7 36. fxe5 fxe5 37. Qg5 Rf7 38. Rf2 Rxf2 39. Kxf2 Qc7 40. Kg3 Qd7 41. h4 Qh3+ 42. Kf2 Kf7 43. Qh6 Qxd3 44. Qh7+ Ke8 45. Qxg6+ Kd7 46. h5 Qd2+ 47. Kg3 Qf4+ 48. Kg2 Kc7 49. h6 Qd2+ 50. Kg3 Qxc3+ 51. Kg2 Qd2+ 52. Kg3 Qe3+ 53. Kg2 Qe2+ 54. Kg3 Qd3+ 55. Kg2 Qd2+ 56. Kg3 Qc3+ 57. Kg2 Qd2+ 1/2-1/2


[Site "https://www.chess.com"]

[Event "Titled Tuesday Blitz March 15 Late 2022"]
[White "Vargas Pereda, Jesus Manue"]
[Black "Cagara, Paulina"]
[WhiteFideId "5115710"]
[BlackFideId "1124870"]
[WhiteElo "1860"]
[BlackElo "1780"]
[Result "0-1"]
[Round "09"]
[TimeControl "180+1"]
[Date "2022.03.16"]
[WhiteClock "0:00:22"]
[BlackClock "0:00:17"]

1. d4 f5 2. Qd3 d6 3. g4 fxg4 4. h3 Nf6 5. hxg4 Bxg4 6. f3 Bh5 7. e4 Bg6 8. Nc3 Nc6 9. Nh3 e5 10. Be3 exd4 11. Bxd4 Nxd4 12. Qxd4 Nh5 13. O-O-O Qf6 14. Qa4+ c6 15. Nd5 Qd8 16. Nhf4 Nxf4 17. Nxf4 Qg5 18. e5 dxe5 19. Qb3 Qxf4+ 20. Kb1 Qf5 21. Bd3 Qf7 22. Bc4 Qc7 23. Rhe1 Bd6 24. f4 O-O-O 25. fxe5 Bxe5 26. Be6+ Kb8 27. Bc4 Rxd1+ 28. Rxd1 Rd8 29. Re1 Bh5 30. Ba6 Ka8 31. a4 bxa6 32. Qe6 Bf6 33. Re3 Rb8 34. c3 Bf7 35. Qe4 Bd5 36. Qxh7 Qb6 37. Re2 Qb3 38. Kc1 Qa2 39. Kd2 Rxb2+ 40. Ke3 Rxe2+ 41. Kf4 Qd2+ 42. Kf5 Qd3+ 43. Kg4 Rg2+ 44. Kh5 Qh3# 0-1


[Site "https://www.chess.com"]

[Event "Titled Tuesday Blitz March 15 Late 2022"]
[White "Vifleemskaia, Svetlana"]
[Black "Clawitter, Craig"]
[WhiteFideId "4129490"]
[BlackFideId "2023105"]
[WhiteElo "1901"]
[BlackElo "2227"]
[Result "0-1"]
[Round "09"]
[TimeControl "180+1"]
[Date "2022.03.16"]
[WhiteClock "0:00:01"]
[BlackClock "0:00:04"]

1. d4 e6 2. c4 Nf6 3. Nc3 d5 4. cxd5 exd5 5. Bg5 c6 6. e3 Be7 7. Bd3 Nbd7 8. Qc2 O-O 9. Nge2 Re8 10. O-O Nf8 11. f3 g6 12. Bh4 Ne6 13. Bf2 b5 14. a3 Bd7 15. Kh1 a5 16. e4 b4 17. Na4 Rc8 18. e5 Nh5 19. g3 Nhg7 20. Rfc1 c5 21. Nxc5 Nxc5 22. dxc5 Bxc5 23. Bxc5 Ne6 24. axb4 axb4 25. Ba6 Rxc5 26. Qd3 Qb6 27. Kg2 Ra8 28. Qe3 Rxa6 29. Rxa6 Qxa6 30. Rxc5 Nxc5 31. Qxc5 Qxe2+ 32. Kg1 Qxf3 33. Qd6 Qd1+ 34. Kg2 Qe2+ 35. Kg1 Qe3+ 36. Kg2 Qe4+ 37. Kg1 Qf5 38. Qxd5 Be6 39. Qd8+ Kg7 40. Qd6 Qb1+ 0-1


[Site "https://www.chess.com"]

[Event "Titled Tuesday Blitz March 15 Late 2022"]
[White "Vine, Elzbieta"]
[Black "Piliczewski, Bogusz"]
[WhiteFideId "1119320"]
[BlackFideId "1104144"]
[WhiteElo "1839"]
[BlackElo "1896"]
[Result "0-1"]
[Round "09"]
[TimeControl "180+1"]
[Date "2022.03.16"]
[WhiteClock "0:00:02"]
[BlackClock "0:00:08"]

1. e4 c6 2. f4 d5 3. e5 Bf5 4. d4 e6 5. Nf3 c5 6. c3 Nc6 7. h3 h5 8. Bd3 Nh6 9. O-O c4 10. Bxf5 Nxf5 11. Kh2 h4 12. b3 b5 13. a4 a6 14. axb5 axb5 15. Rxa8 Qxa8 16. bxc4 bxc4 17. Qe1 Be7 18. Be3 Qa1 19. Bf2 g6 20. g4 hxg3+ 21. Bxg3 Qb2+ 22. Rf2 Qb3 23. Rg2 Na5 24. Ng5 Bxg5 25. fxg5 Nc6 26. Re2 O-O 27. h4 Ng7 28. Re3 Nh5 0-1


[Site "https://www.chess.com"]

[Event "Titled Tuesday Blitz March 15 Late 2022"]
[White "Weber, Samuel"]
[Black "Mekhitarian, Krikor Sevag"]
[WhiteFideId "12924008"]
[BlackFideId "2107660"]
[WhiteElo "2215"]
[BlackElo "2598"]
[Result "0-1"]
[Round "09"]
[TimeControl "180+1"]
[Date "2022.03.15"]
[WhiteClock "0:00:01"]
[BlackClock "0:01:45"]

1. e4 c5 2. Nf3 g6 3. d4 cxd4 4. Qxd4 Nf6 5. e5 Nc6 6. Qa4 Nd5 7. Bc4 Nb6 8. Qb3 Nxc4 9. Qxc4 Bg7 10. Bf4 O-O 11. Nc3 d6 12. exd6 Be6 13. Qe2 exd6 14. O-O Re8 15. Qd2 Bg4 16. Ng5 h6 17. Nge4 d5 18. Nc5 d4 19. Nb5 Qd5 20. b4 b6 21. Nc7 Qf5 22. Nxa8 bxc5 23. Nc7 Re2 24. Qd3 Qxf4 25. f3 Re3 26. fxg4 Qxc7 27. Qc4 Nxb4 28. Rab1 Re7 29. a3 Nc6 30. Qxc5 d3 31. Kh1 d2 32. Rbd1 Bd4 33. Qc4 Be3 0-1


[Site "https://www.chess.com"]

[Event "Titled Tuesday Blitz March 15 Late 2022"]
[White "Winkels, Marcel"]
[Black "Ashiev, Eduard"]
[WhiteFideId "1003887"]
[BlackFideId "4130090"]
[WhiteElo "1900"]
[BlackElo "2004"]
[Result "0-1"]
[Round "09"]
[TimeControl "180+1"]
[Date "2022.03.16"]
[WhiteClock "0:00:01"]
[BlackClock "0:00:15"]

1. Nf3 d5 2. b3 Nf6 3. Bb2 e6 4. e3 c5 5. Bb5+ Bd7 6. Bxd7+ Nbxd7 7. O-O Bd6 8. d4 O-O 9. Nbd2 Rc8 10. Qe2 cxd4 11. Nxd4 e5 12. Nb5 Bb8 13. Rac1 a6 14. Na3 Re8 15. Nf3 e4 16. Nd4 Ne5 17. c4 Nd3 18. Rc2 Qd6 19. g3 Qd7 20. Kg2 Ng4 21. h3 Nge5 22. cxd5 b5 23. Rxc8 Rxc8 24. Nc6 Nxc6 25. dxc6 Rxc6 26. Bd4 Rh6 27. g4 Qd8 28. Rh1 f5 29. Nc2 Rg6 30. Ba1 Qd7 31. Nd4 fxg4 32. hxg4 Rxg4+ 33. Kf1 Rg6 34. Rg1 Rxg1+ 35. Kxg1 Qh3 0-1


[Site "https://www.chess.com"]

[Event "Titled Tuesday Blitz March 15 Late 2022"]
[White "Xu, Yi"]
[Black "Rastbod, Ali"]
[WhiteFideId "8605564"]
[BlackFideId "12567477"]
[WhiteElo "2471"]
[BlackElo "2200"]
[Result "1-0"]
[Round "09"]
[TimeControl "180+1"]
[Date "2022.03.15"]
[WhiteClock "0:00:12"]
[BlackClock "0:00:07"]

1. e4 e6 2. d4 d5 3. Nc3 Bb4 4. e5 b6 5. a3 Bf8 6. h4 Qd7 7. h5 c5 8. Nf3 Ba6 9. Bxa6 Nxa6 10. Ne2 cxd4 11. Nexd4 Nc5 12. O-O Rc8 13. Bf4 Ne7 14. Qe2 Nc6 15. Nxc6 Qxc6 16. Nd4 Qa4 17. Rad1 Ne4 18. f3 Nc5 19. h6 gxh6 20. Qe3 Rg8 21. Bxh6 Be7 22. b4 Na6 23. f4 Rxc2 24. Nxc2 Qxc2 25. Rd2 Qf5 26. Qe2 Nc7 27. Rc2 Kd7 28. Rfc1 Bd8 29. Bg5 Rxg5 30. fxg5 Qxg5 31. Rc6 Ne8 32. Qf2 f5 33. exf6 Nxf6 34. Rc8 Ke8 35. Re1 Ne4 36. Qf3 Kd7 37. Rc2 Bf6 38. Rxe4 dxe4 39. Qxe4 Ke7 40. Qb7+ Kf8 41. Rc8+ Bd8 42. Qf3+ Ke7 43. Qd3 Qg8 44. Ra8 Qe8 45. Rxa7+ Kf6 46. Qxh7 Be7 47. Qh4+ Kf5 48. Rxe7 Qc8 49. Qh3+ Kf6 50. Qxe6+ Qxe6 51. Rxe6+ Kxe6 52. a4 Kd5 53. a5 b5 54. Kf2 Kc4 55. a6 Kxb4 56. a7 Kc3 57. a8=Q 1-0


[Site "https://www.chess.com"]

[Event "Titled Tuesday Blitz March 15 Late 2022"]
[White "Yoo, Christopher Woojin"]
[Black "Holt, Conrad"]
[WhiteFideId "30909694"]
[BlackFideId "2034387"]
[WhiteElo "2105"]
[BlackElo "2586"]
[Result "1/2-1/2"]
[Round "09"]
[TimeControl "180+1"]
[Date "2022.03.15"]
[WhiteClock "0:00:05"]
[BlackClock "0:00:08"]

1. e4 e6 2. d4 d5 3. Bd3 dxe4 4. Bxe4 Nf6 5. Bf3 c5 6. Ne2 Nc6 7. Be3 cxd4 8. Nxd4 Ne5 9. Nc3 Be7 10. O-O O-O 11. Qe2 Qa5 12. Rad1 Rd8 13. Nb3 Qb4 14. Rxd8+ Bxd8 15. Bc5 Qf4 16. Be4 Nxe4 17. Nxe4 Bd7 18. Bd6 Bc6 19. Nbd2 Bb6 20. Rd1 Rd8 21. Be7 Rd7 22. Bg5 Qg4 23. Qxg4 Nxg4 24. Re1 h6 25. Bf4 e5 26. h3 Nxf2 27. Nxf2 exf4 28. Nc4 Bc5 29. Kf1 Bb5 30. b3 Bxc4+ 31. bxc4 Bxf2 32. Re8+ Kh7 33. Kxf2 Rd2+ 34. Kf3 Rxc2 35. Re7 Rxc4 36. Rxb7 Ra4 37. Rxf7 Rxa2 38. Rxf4 Kg6 39. Rc4 Kf7 40. Rc7+ Kf6 41. g4 Ra3+ 42. Kg2 a5 43. h4 g6 44. Rc6+ Kf7 45. h5 gxh5 46. gxh5 Kg7 47. Rg6+ Kh7 48. Ra6 Ra4 49. Kg3 Ra1 50. Kg4 a4 51. Kg3 a3 52. Kg2 Kg7 53. Rg6+ Kh7 54. Ra6 Ra2+ 55. Kg3 Kg7 56. Rg6+ Kh7 57. Ra6 Ra1 58. Kg2 1/2-1/2


[Site "https://www.chess.com"]

[Event "Titled Tuesday Blitz March 15 Late 2022"]
[White "Zaksaite, Salomeja"]
[Black "Estrada Nieto, Julian"]
[WhiteFideId "12801496"]
[BlackFideId "5101018"]
[WhiteElo "1953"]
[BlackElo "2246"]
[Result "0-1"]
[Round "09"]
[TimeControl "180+1"]
[Date "2022.03.16"]
[WhiteClock "0:00:01"]
[BlackClock "0:00:04"]

1. e4 e5 2. Nf3 Nc6 3. Bb5 a6 4. Ba4 Nf6 5. O-O Be7 6. c3 O-O 7. Re1 b5 8. Bc2 d6 9. h3 Bb7 10. d4 Re8 11. Nbd2 h6 12. Nf1 Bf8 13. Ng3 g6 14. Be3 Bg7 15. Qd2 Kh7 16. Rad1 Na5 17. dxe5 Nc4 18. Qc1 Nxe5 19. Nxe5 Rxe5 20. f4 Re8 21. e5 Nd5 22. exd6 Qxd6 23. Ne4 Qc6 24. Bf2 Nf6 25. Qe3 b4 26. Nxf6+ Bxf6 27. Qf3 Qxf3 28. gxf3 bxc3 29. Rxe8 Rxe8 30. bxc3 Bxf3 31. Rd7 Re7 32. Rxe7 Bxe7 33. Bd4 Bd5 34. a4 c5 35. Be5 c4 36. f5 gxf5 37. Bxf5+ Kg8 38. Kf2 f6 39. Bd4 Bc6 40. Bc2 Kf7 41. Ke3 Ke6 42. Kf4 f5 43. Bxf5+ Kd6 44. Bc2 Bd8 45. Be5+ Kd7 46. Bg7 Bg5+ 47. Kg4 Bd2 48. Kh5 Ke6 49. Bxh6 Bxc3 50. Bg5 Be5 51. h4 c3 52. Kh6 Bf3 53. h5 Bf6 54. Bxf6 Kxf6 55. a5 Ke5 56. Kg5 Bxh5 0-1


[Site "https://www.chess.com"]

[Event "Titled Tuesday Blitz March 15 Late 2022"]
[White "Zhigalko, Sergei"]
[Black "Riehle, Marco"]
[WhiteFideId "13502956"]
[BlackFideId "12904392"]
[WhiteElo "2662"]
[BlackElo "2462"]
[Result "1-0"]
[Round "09"]
[TimeControl "180+1"]
[Date "2022.03.15"]
[WhiteClock "0:00:09"]
[BlackClock "0:00:35"]

1. e4 e5 2. Nf3 Nf6 3. d4 Nxe4 4. Bd3 Nc6 5. d5 Nf6 6. dxc6 e4 7. cxb7 Bxb7 8. Be2 exf3 9. Bxf3 Bxf3 10. Qxf3 d5 11. O-O Be7 12. Rd1 O-O 13. c4 c6 14. Nc3 Qb6 15. cxd5 cxd5 16. b3 Rac8 17. Bb2 Rfd8 18. Nxd5 Nxd5 19. Rxd5 Rxd5 20. Qxd5 Rd8 21. Qe5 Bf6 22. Qe2 Bd4 23. Re1 h6 24. Bxd4 Qxd4 25. g3 Qb4 26. Qe7 Qa5 27. b4 Qb6 28. a4 Rb8 29. b5 a6 30. Rb1 Rc8 31. Qe1 axb5 32. axb5 h5 33. Qe3 Rc5 34. Qe8+ Kh7 35. Qxf7 Rxb5 36. Qxh5+ Rxh5 37. Rxb6 Rc5 38. h4 Rc2 39. Kg2 g6 40. Rb4 Ra2 41. Rb3 Ra4 42. Kh3 Ra2 43. f3 Ra6 44. Kg4 Ra4+ 45. f4 Ra7 46. Rb5 Rg7 47. Rg5 Kh6 48. Re5 Rg8 49. Re6 Kh7 50. Kg5 Rg7 51. g4 Rg8 52. h5 gxh5+ 53. Kxh5 Rf8 54. Re7+ Kg8 55. f5 Rb8 56. Kg6 Kf8 57. Rh7 Rb4 58. Rh8+ Ke7 59. f6+ Ke6 60. g5 Rf4 61. Re8+ Kd7 62. f7 Rc4 63. f8=Q Rc6+ 64. Kg7 Kc7 65. Re7+ Kb6 66. Qf6 Kb5 67. Qxc6+ Ka5 1-0


[Site "https://www.chess.com"]

[Event "Titled Tuesday Blitz March 15 Late 2022"]
[White "Zhou, Qiyu"]
[Black "Lehtosaari, Mauri"]
[WhiteFideId "505161"]
[BlackFideId "501999"]
[WhiteElo "1925"]
[BlackElo "2458"]
[Result "1-0"]
[Round "09"]
[TimeControl "180+1"]
[Date "2022.03.16"]
[WhiteClock "0:00:08"]
[BlackClock "0:00:10"]

1. e4 c5 2. Nf3 e6 3. d4 cxd4 4. Nxd4 Qb6 5. Nc3 Bc5 6. Na4 Qa5+ 7. c3 Bxd4 8. Qxd4 Nf6 9. Nc5 Nc6 10. Qd6 b6 11. Nb3 Qe5 12. Qxe5 Nxe5 13. f3 d6 14. Be3 Bb7 15. O-O-O Ke7 16. Be2 Rac8 17. g4 Nc4 18. Bf2 e5 19. Nd2 Nxd2 20. Rxd2 h6 21. Rhd1 Rhd8 22. h4 Bc6 23. Kb1 Ne8 24. c4 Nc7 25. b3 Ne6 26. Kb2 Nf4 27. Bf1 g5 28. Bg3 Ne6 29. Bf2 f6 30. Bg3 gxh4 31. Bxh4 Ng5 32. Be2 Rd7 33. Rh1 Rh8 34. Rh2 Ne6 35. Bg3 Ng5 36. Bd1 Rdd8 37. Rh5 Be8 38. Rh4 h5 39. Rdh2 Bf7 40. gxh5 Be6 41. h6 Rh7 42. Rh5 Rdh8 43. R5h4 Nf7 44. Bf2 Rxh6 45. Rxh6 Rxh6 46. Rxh6 Nxh6 47. Be3 Nf7 48. Kc2 f5 49. Kd3 f4 50. Bf2 Ng5 51. Bh4 Kf6 52. Be2 Kg6 53. Be1 Bf7 54. Bb4 Kf6 55. Bxd6 Bh5 56. Bb8 Bxf3 57. Bxf3 Nxf3 58. Bxa7 Ne1+ 59. Ke2 Nc2 60. Bxb6 Ke6 61. Bf2 Nb4 62. a3 Nc2 63. a4 Nb4 64. Be1 Nc6 65. b4 Nd4+ 66. Kd3 f3 67. Ke3 Nc2+ 68. Kxf3 Nxe1+ 69. Ke2 Nc2 70. b5 Nd4+ 71. Kd3 Kd6 72. a5 Kc5 73. a6 Kb6 74. c5+ Kxb5 75. a7 Ne6 76. a8=Q Nxc5+ 77. Ke3 Kc4 78. Qd5+ Kb5 79. Qxe5 Kc4 80. Qd5+ Kb5 81. Kd4 1-0


[Site "https://www.chess.com"]

[Event "Titled Tuesday Blitz March 15 Late 2022"]
[White "Zotova, Anastasia"]
[Black "Vusatiuk, Vladimir"]
[WhiteFideId "34124907"]
[BlackFideId "14118610"]
[WhiteElo "1860"]
[BlackElo "2157"]
[Result "1-0"]
[Round "09"]
[TimeControl "180+1"]
[Date "2022.03.16"]
[WhiteClock "0:00:52"]
[BlackClock "0:00:05"]

1. d4 Nf6 2. c4 e6 3. Nf3 a6 4. g3 b5 5. b3 Bb7 6. Bg2 Be7 7. O-O O-O 8. Nbd2 c5 9. Qc2 cxd4 10. Nxd4 Bxg2 11. Kxg2 bxc4 12. Nxc4 Qc7 13. Bb2 d5 14. Ne3 Qxc2 15. Ndxc2 Nbd7 16. Rfd1 Rfc8 17. Rac1 a5 18. Nd4 Nc5 19. Ba3 a4 20. Bb4 axb3 21. axb3 Rab8 22. Ba3 Kf8 23. Rc2 Nce4 24. Bxe7+ Kxe7 25. Nc6+ Kd6 26. Nxb8 Rxb8 27. Nc4+ Ke7 28. Na5 Nd7 29. Nc6+ Kd6 30. Nxb8 Nxb8 31. Rdc1 Nd7 32. b4 Nef6 33. Rc6+ Ke7 34. b5 d4 35. b6 Nd5 36. b7 Nb4 37. Rc7 Na6 38. R1c6 Nb8 39. Rxd7+ Kxd7 40. Rc8 Na6 41. b8=Q Nxb8 42. Rxb8 e5 43. Rb7+ Kd6 44. Rxf7 1-0


[Site "https://www.chess.com"]

[Event "Titled Tuesday Blitz March 15 Late 2022"]
[White "Al-Tarboush, Ward"]
[Black "Rozman, Levy"]
[WhiteFideId "7601450"]
[BlackFideId "2039877"]
[WhiteElo "2276"]
[BlackElo "2376"]
[Result "0-1"]
[Round "10"]
[TimeControl "180+1"]
[Date "2022.03.15"]
[WhiteClock "0:02:07"]
[BlackClock "0:01:12"]

1. d4 d5 2. Nf3 c5 3. dxc5 Nc6 4. e3 e6 5. c4 Bxc5 6. cxd5 exd5 7. Nc3 Nf6 8. Bd3 Bg4 9. a3 O-O 10. b4 Bd6 11. Bb2 d4 12. exd4 Bxf3 13. Qxf3 Nxd4 14. Qd1 Re8+ 15. Ne2 Be5 16. Rb1 Nxe2 17. Bxe2 Qc7 18. O-O Bxh2+ 19. Kh1 Be5 20. Rc1 Qe7 21. Rc2 Rad8 22. Qb1 Ne4 23. g3 Nd2 24. Rxd2 Rxd2 25. Bxe5 0-1


[Site "https://www.chess.com"]

[Event "Titled Tuesday Blitz March 15 Late 2022"]
[White "Ambartsumova, Karina"]
[Black "Costachi, Mihnea"]
[WhiteFideId "4166299"]
[BlackFideId "1217518"]
[WhiteElo "2262"]
[BlackElo "2464"]
[Result "0-1"]
[Round "10"]
[TimeControl "180+1"]
[Date "2022.03.15"]
[WhiteClock "0:00:10"]
[BlackClock "0:01:58"]

1. d4 g6 2. Nf3 Bg7 3. g3 c5 4. c4 cxd4 5. Nxd4 Qc7 6. b3 Nc6 7. Bb2 Nxd4 8. Bxd4 Qa5+ 9. Nc3 e5 10. b4 Qxb4 11. Rb1 Qxc4 12. e4 Qxd4 13. Qc2 Qc5 14. Rc1 Nf6 15. Qd2 O-O 16. Bg2 Qd4 17. Qe2 d6 18. O-O Bg4 19. Qb2 Qb6 20. Qd2 Rac8 21. h3 Be6 22. Rfd1 Rfd8 23. Kh2 h5 24. f4 exf4 25. gxf4 Qa5 26. f5 gxf5 27. Qg5 Qe5+ 28. Kh1 fxe4 29. Qe3 d5 30. Ne2 Rxc1 31. Rxc1 d4 32. Qf2 d3 33. Nf4 e3 34. Qf3 d2 35. Rg1 e2 36. Nxe2 0-1


[Site "https://www.chess.com"]

[Event "Titled Tuesday Blitz March 15 Late 2022"]
[White "Araujo Filho, Luiz Antonio Coel"]
[Black "Lewtak, Damian"]
[WhiteFideId "2130661"]
[BlackFideId "1141724"]
[WhiteElo "2235"]
[BlackElo "2362"]
[Result "0-1"]
[Round "10"]
[TimeControl "180+1"]
[Date "2022.03.16"]
[WhiteClock "0:00:01"]
[BlackClock "0:00:37"]

1. d4 d5 2. Nf3 Nf6 3. e3 c6 4. Nbd2 g6 5. Be2 Bg7 6. b3 O-O 7. Bb2 Bg4 8. O-O Nbd7 9. c4 Re8 10. Rc1 Ne4 11. Nxe4 dxe4 12. Nd2 Bxe2 13. Qxe2 f5 14. c5 Nf6 15. Nc4 Nd5 16. a3 Qc7 17. b4 a6 18. Rfd1 h5 19. h3 Kf7 20. Rc2 Rh8 21. f3 exf3 22. Qxf3 Kg8 23. e4 fxe4 24. Qxe4 Kh7 25. Rf1 Rhf8 26. Rcf2 Rxf2 27. Rxf2 Rf8 28. Rxf8 Bxf8 29. Ne5 Bg7 30. Qxg6+ Kg8 31. Qe8+ Kh7 32. Qxh5+ Kg8 33. Qf7+ Kh7 34. h4 e6 35. Qxe6 Qd8 36. Qg6+ Kg8 37. h5 Qh4 38. Nf3 Qf4 39. Qg5 Qxg5 40. Nxg5 Bf6 41. Ne4 Be7 42. Kf2 Nf4 43. Kf3 Nxh5 44. g4 Ng7 45. Kf4 Kf7 46. Ke5 Kg6 47. Bc1 Kf7 48. Nd6+ Kg6 49. Nxb7 Ne8 50. Ke6 Bf6 51. Kd7 Ng7 52. Kxc6 Bxd4 53. Nd6 Ne6 54. Kb7 Kf6 55. c6 Be5 56. Nc4 Bg3 57. Be3 Nd8+ 58. Kc8 Nxc6 59. Bc5 Ke6 60. Ne3 Bf4 61. Ng2 Bg5 62. Be3 Ne7+ 63. Kc7 Bf6 64. Bc5 Nd5+ 65. Kc6 Be5 66. Kb7 Nc3 67. Kxa6 Nb1 68. b5 Kd5 69. Bf2 Nxa3 70. b6 Nc4 71. b7 Bb8 72. Ne1 Ne5 73. Nc2 Nxg4 0-1


[Site "https://www.chess.com"]

[Event "Titled Tuesday Blitz March 15 Late 2022"]
[White "Ardila, Oscar Humberto"]
[Black "Marson, Juan Miguel"]
[WhiteFideId "4404742"]
[BlackFideId "106585"]
[WhiteElo "1966"]
[BlackElo "2053"]
[Result "0-1"]
[Round "10"]
[TimeControl "180+1"]
[Date "2022.03.16"]
[WhiteClock "0:00:01"]
[BlackClock "0:00:12"]

1. d4 Nf6 2. c4 g6 3. Nc3 Bg7 4. e4 d6 5. Nf3 O-O 6. Be2 e5 7. d5 a5 8. O-O Na6 9. Qc2 Nh5 10. Bg5 f6 11. Be3 f5 12. Bg5 Qe8 13. Ne1 h6 14. Bd2 Nf4 15. Bxf4 exf4 16. exf5 Bxf5 17. Bd3 Nb4 18. Qd2 Nxd3 19. Nxd3 g5 20. Rfe1 Qg6 21. Rad1 Rae8 22. Rxe8 Rxe8 23. Ne1 b6 24. Nf3 Bg4 25. Re1 Bxf3 26. gxf3 Re5 27. Rxe5 Bxe5 28. Ne4 g4 29. Kg2 gxf3+ 30. Kxf3 Qh5+ 31. Kg2 Qg4+ 32. Kf1 f3 33. Ng3 Qxc4+ 34. Kg1 Bf4 35. Qd1 Bxg3 36. hxg3 Qe2 37. Qd4 h5 38. Qf4 Qd1+ 39. Kh2 Qxd5 40. Qh6 Qf5 41. Qe3 Kf7 0-1


[Site "https://www.chess.com"]

[Event "Titled Tuesday Blitz March 15 Late 2022"]
[White "Ashiev, Eduard"]
[Black "Mohammadian, Mohammad"]
[WhiteFideId "4130090"]
[BlackFideId "12566055"]
[WhiteElo "2004"]
[BlackElo "1544"]
[Result "1-0"]
[Round "10"]
[TimeControl "180+1"]
[Date "2022.03.16"]
[WhiteClock "0:01:06"]
[BlackClock "0:00:07"]

1. d4 Nf6 2. c4 g6 3. Nc3 d5 4. Nf3 Bg7 5. Bf4 O-O 6. Rc1 c6 7. e3 Bf5 8. h3 Nbd7 9. cxd5 Nxd5 10. Nxd5 cxd5 11. Bc7 Qe8 12. Qb3 b6 13. Qxd5 Be6 14. Qb7 Bxa2 15. Bb5 Be6 16. Ng5 Qc8 17. Qxc8 Raxc8 18. Nxe6 fxe6 19. Bxd7 Ra8 20. Bxe6+ Kh8 21. Ke2 Rf6 22. d5 Raf8 23. f4 g5 24. Be5 gxf4 25. Bxf6 Bxf6 26. Rc8 Rxc8 27. Bxc8 Bxb2 28. exf4 a5 29. Kd3 a4 30. Rb1 a3 31. Rxb2 axb2 32. Kc2 Kg7 33. Kxb2 Kf6 34. Kc3 h5 35. g4 h4 36. Kd4 Kg6 37. Bd7 Kg7 38. Ke5 Kf8 39. Ke6 b5 40. Bxb5 Kg7 41. Kxe7 Kg6 42. d6 Kg7 43. d7 Kg8 44. Kf6 Kf8 45. d8=Q# 1-0


[Site "https://www.chess.com"]